 Dungeon Crawl Stone Soup version 0.29.0-4-gdea44cf6ec (webtiles) character file.

Game seed: 17909847695240454632

91492 qw the Severer (level 15, 0/204 HPs)
             Began as a Minotaur Berserker on Sept 4, 2022.
             Was an Elder of Trog.
             Killed by mirror damage (4 damage)
             ... on level 15 of the Dungeon.
             The game lasted 00:08:05 (25617 turns).

qw the Severer (Minotaur Berserker)                Turns: 25617, Time: 00:08:06

Health: 0/204      AC: 34    Str: 26    XL:     15   Next: 55%
Magic:  14/14      EV:  6    Int:  8    God:    Trog [****..]
Gold:   1104       SH: 32    Dex: 11    Spells: 14/14 levels left

rFire   + . .      SeeInvis .   Y - +3 broad axe (protect)
rCold   . . .      Faith    .   u - +8 tower shield of Whack-A-Mole {Int+4}
rNeg    . . .      Spirit   .   t - +0 crystal plate armour
rPois   .          Reflect  +   (helmet unavailable)
rElec   .          Harm     .   d - scarf {repulsion}
rCorr   .          Rampage  .   i - +0 pair of gloves
Will    ++++.                   k - +0 pair of boots
Stlth   ..........              a - amulet of reflection
HPRegen 1.44/turn               e - ring of willpower
MPRegen 0.14/turn               g - ring of protection from fire

@: berserking, marked, strong-willed, under a protective aura, regenerating,
repel missiles, very quick
A: horns 3, retaliatory headbutt, weak 1
a: Renounce Religion, Berserk, Trog's Hand, Brothers in Arms


You were on level 15 of the Dungeon.
You worshipped Trog.
Trog was greatly pleased with you.
You visited 2 branches of the dungeon, and saw 20 of its levels.

You collected 1459 gold pieces.
You spent 355 gold pieces at shops.


Innate Abilities, Weirdness & Mutations

You have a pair of large horns on your head.
You reflexively headbutt those who attack you in melee.
You are weak. (Str -2)


   Skills:
 + Level 13.4 Fighting
 - Level 18.0 Axes
 - Level 7.0 Throwing
 - Level 16.0 Armour
 - Level 4.1 Dodging
 - Level 17.8 Shields


You had 14 spell levels left.
You didn't know any spells.
Your spell library was empty.

Inventory:

Hand Weapons
 v - a +4 war axe of flaming
 Y - a +3 broad axe of protection (weapon)
Missiles
 y - 5 boomerangs (quivered)
Armour
 d - a scarf of repulsion (worn)
 i - a +0 pair of gloves (worn)
 k - a +0 pair of boots (worn)
 s - a +1 cloak
 t - a +0 crystal plate armour (worn)
 u - the +8 tower shield of Whack-A-Mole (worn) {Int+4}
   (You acquired it on level 4 of the Lair of Beasts)

   Int:       It affects your intelligence (+4).
Jewellery
 a - an amulet of reflection (around neck)
 c - a ring of willpower
 e - a ring of willpower (left hand)
 g - a ring of protection from fire (right hand)
 p - a ring of resist corrosion
 w - a ring of protection from fire
Scrolls
 o - 11 scrolls of identify
 r - 4 scrolls of teleportation
Potions
 b - 3 potions of heal wounds
 f - a potion of berserk rage {unknown}
 h - 2 potions of cancellation
 j - 6 potions of curing
 l - 3 potions of might
 m - 4 potions of haste
 n - 4 potions of mutation
 q - 2 potions of resistance

Dungeon Overview and Level Annotations

Branches:
Dungeon (15/15)            Temple (0/1) D:5            Lair (5/5) D:11
 Shoals (0/4) Lair:2        Snake (0/4) Lair:3        Slime (0/5) Lair:5
    Orc (0/2) D:11         Vaults (0/5) D:14
 Depths: D:15

Altars:
Dithmenos
Elyvilon
Gozag
Hepliaklqana
Kikubaaqudgha
Makhleb
Okawaru
Qazlal
Ru
Trog
Uskayaw
The Shining One
Jiyva

Shops:
D:2 :   D:6 **(   D:8 (   D:9 !   D:13 ([

Annotations:
D:10 1 runed translucent door, qw's ghost, novice GrBe


Message History

The bolt hits you! Something hits you but does no damage.
You barely miss the hell knight.
The hell knight is heavily wounded.
You hit something. Something hits you but does no damage.
You are electrocuted!
You closely miss the hell knight.
The hell knight is heavily wounded.
You hit the death knight. You hit something.
You chop one of the eight-headed hydra's heads off!
The seven-headed hydra grows two more!
You hit the nine-headed hydra.
The death knight reflects your damage back at you!
The hell knight mumbles some strange prayers to its god against you.
The bolt of fire hits you. You resist.
The bolt of fire hits something!!
You slash the hell knight!
The hell knight is heavily wounded.
You slash the death knight! You slash something! Trog accepts your kill.
Trog appreciates your killing of a magic user.
Reactivating autopickup.
You feel a bit more experienced.
You lop one of the nine-headed hydra's heads off!
The eight-headed hydra grows two more!
You slash the ten-headed hydra!
The death knight reflects your damage back at you!
You block the hell knight's attack. Something hits you!
Deactivating autopickup; reactivate with Ctrl-A.
You block the death knight's attack. The ten-headed hydra barely misses you.
The ten-headed hydra bites you but does no damage.
You block the ten-headed hydra's attack.
The ten-headed hydra bites you!
The ten-headed hydra bites you but does no damage.
The ten-headed hydra completely misses you.
The ten-headed hydra bites you but does no damage. x3
You block the ten-headed hydra's attack.
You slice the hell knight!! Your headbutt misses the hell knight.
The hell knight is almost dead.
You slash the death knight!
You hack one of the ten-headed hydra's heads off!
The nine-headed hydra grows two more!
You slash the 11-headed hydra!
The death knight reflects your damage back at you!
You die...

#.................O.....
#.#''#######..#####.....
#.#........#..# .O...
#.#........#..# ..O.
#.#........#..# ....
#####.#........#..# .O.
......##########{.#
..:.............).+
..?............)@.#
...............Dpp#
................Wc.W.
#####.....###......W...
#...#.....# #...........
#...#.....# ###.....e...
#...#.....# #.........
#...'.....# #.........
##+##.....+ #..


You could see a death knight (reflects damage), a 11-headed hydra, a hell knight
(fast), a yaktaur, 2 freezing wraiths, a deep elf pyromancer and a wraith.

Vanquished Creatures
  Frances (D:12)
  A fire giant (D:14)
  Nessos (D:13)
  An ettin (D:15)
  2 fire dragons (D:14)
  6 hydras
  5 vault guards (D:14)
  2 ogre magi (D:14)
  A boulder beetle (Lair:5)
  6 centaur warriors
  A catoblepas (Lair:5)
  7 death yaks (Lair:5)
  4 two-headed ogres
  A death knight (D:10)
  A tengu warrior (D:15)
  A deep troll shaman (Lair:5)
  Sonja (Lair:1)
  14 skeletal warriors
  A deep troll (D:15)
  4 wizards
  Lodul (D:13)
  A lindwurm (Lair:5)
  An orc knight (D:15)
  2 deep elf pyromancers
  9 cyclopes
  An oklob plant (Lair:5)
  13 elephants
  11 ugly things
  Maurice (D:9)
  A guardian serpent (Lair:3)
  A merfolk siren (Lair:2)
  3 torpor snails
  A gargoyle (D:14)
  A guardian serpent (shapeshifter) (D:14)
  4 black mambas
  5 cane toads
  A yaktaur (shapeshifter) (D:15)
  2 kobold demonologists (D:12)
  An unseen horror (D:11)
  2 freezing wraiths (D:14)
  9 komodo dragons
  A tengu conjurer (D:13)
  8 polar bears
  5 trolls
  3 meliai (D:13)
  2 hornets (D:9)
  A raiju (shapeshifter) (D:13)
  A snapping turtle (shapeshifter) (D:15)
  8 slime creatures
  10 blink frogs
  7 dream sheep
  A blink frog (shapeshifter) (D:14)
  3 centaur simulacra (D:14)
  47 yaks
  3 wyverns
  Eustachio (D:6)
  2 vampires
  A water elemental (D:14)
  A wraith (D:11)
  2 humans (D:14)
  2 vampire mosquitoes (D:13)
  A warg (D:15)
  A water moccasin (shapeshifter) (D:14)
  15 water moccasins
  Duvessa (D:7)
  4 orc warriors
  5 ice beasts
  A black bear (Lair:5)
  A sky beast (D:8)
  11 ogres
  29 wolves
  11 centaurs
  2 phantoms (D:11)
  4 kobold brigands
  A gnoll sergeant (D:10)
  11 bullfrogs
  A scorpion (D:5)
  16 wights
  Dowan (D:7)
  4 killer bees (D:6)
  4 troll zombies (D:11)
  An electric eel (D:14)
  2 howler monkeys
  3 jellies
  An orc priest (D:11)
  5 hounds
  A gnoll bouda (D:8)
  Ijyb (D:5)
  3 iguanas
  5 orc wizards
  4 ogre zombies (D:11)
  17 gnolls
  4 adders
  2 shadow imps (D:7)
  3 white imps
  2 ufetubi
  2 dart slugs
  24 orcs
  4 ball pythons
  8 bats
  5 endoplasms
  2 giant cockroaches
  3 goblins
  3 hobgoblins
  10 jackals
  7 quokkas
  5 frilled lizards (D:1)
  2 goblin zombies (D:11)
  A hobgoblin skeleton (D:11)
  3 hobgoblin zombies (D:11)
  10 kobolds
  3 orc skeletons (D:11)
  16 orc zombies (D:11)
  12 rats
539 creatures vanquished.

Vanquished Creatures (collateral kills)
  3 hydras
  A boulder beetle (D:12)
  2 death yaks (Lair:5)
  A cane toad (Lair:5)
  A troll (D:12)
  A polar bear (D:14)
  2 blink frogs (Lair:4)
  A water moccasin (Lair:5)
12 creatures vanquished.

Vanquished Creatures (others)
  A bush (Lair:4)
  40 fungi
  43 plants
  8 withered plants
92 creatures vanquished.

Grand Total: 643 creatures vanquished

Notes
Turn   | Place    | Note
-------+----------+-------------------------------------------
     0 | D:1      | qw the Minotaur Berserker began the quest for the Orb.
     0 | D:1      | Reached XP level 1. HP: 19/19 MP: 0/0
     0 | D:1      | 0 ||| qw: Version: 0.1-a-103-gd6f5d3a
     0 | D:1      | 0 ||| qw: Game counter: 5688
     0 | D:1      | 0 ||| qw: Always use a shield: true
     0 | D:1      | 0 ||| qw: Do Orc after D:15 true
     0 | D:1      | 0 ||| qw: Do second Lair branch before Depths: true
     0 | D:1      | 0 ||| qw: Lair rune preference: random
     0 | D:1      | 0 ||| qw: Plans: Normal
     0 | D:1      | 0 ||| PLANNING D:1-11
    42 | D:1      | 42 ||| Stepping ~*~*~tactically~*~*~ (hiding).
   145 | D:1      | 145 ||| Stepping ~*~*~tactically~*~*~ (hiding).
   151 | D:1      | Reached skill level 4 in Axes
   236 | D:1      | Reached XP level 2. HP: 20/26 MP: 1/1
   236 | D:1      | 236 ||| Stepping ~*~*~tactically~*~*~ (stealth).
   240 | D:1      | 240 ||| Stepping ~*~*~tactically~*~*~ (stealth).
   273 | D:1      | 273 ||| Stepping ~*~*~tactically~*~*~ (stealth).
   275 | D:1      | 275 ||| Stepping ~*~*~tactically~*~*~ (stealth).
   276 | D:1      | 276 ||| Stepping ~*~*~tactically~*~*~ (stealth).
   279 | D:1      | 279 ||| Stepping ~*~*~tactically~*~*~ (stealth).
   280 | D:1      | 280 ||| Stepping ~*~*~tactically~*~*~ (stealth).
   346 | D:1      | Found a faded altar of an unknown god.
   400 | D:1      | 400 ||| Stepping ~*~*~tactically~*~*~ (stealth).
   407 | D:1      | 407 ||| Stepping ~*~*~tactically~*~*~ (stealth).
   426 | D:1      | 426 ||| Stepping ~*~*~tactically~*~*~ (stealth).
   566 | D:1      | 566 ||| Stepping ~*~*~tactically~*~*~ (stealth).
   569 | D:1      | 569 ||| Stepping ~*~*~tactically~*~*~ (stealth).
   599 | D:1      | Reached skill level 5 in Axes
   737 | D:1      | Reached ** piety under Trog
   738 | D:1      | Reached XP level 3. HP: 30/31 MP: 2/2
   756 | D:1      | 756 ||| Stepping ~*~*~tactically~*~*~ (stealth).
   761 | D:1      | 761 ||| Stepping ~*~*~tactically~*~*~ (stealth).
   766 | D:1      | 766 ||| Stepping ~*~*~tactically~*~*~ (stealth).
  1157 | D:1      | 1157 ||| UPGRADING to +2 hat.
  1162 | D:1      | 1162 ||| UPGRADING to +0 scale mail.
  1172 | D:1      | 1172 ||| DROPPING +0 animal skin.
  1173 | D:1      | 1173 ||| UPGRADING to ring of resist corrosion.
  1174 | D:1      | 1174 ||| READING scroll labelled ZUIKIR ONIL.
  1179 | D:1      | 1179 ||| READING scroll labelled ZYRPHI AZEVAM.
  1194 | D:2      | Found Esuotoich's Vocational Training.
  1212 | D:2      | 1212 ||| Stepping ~*~*~tactically~*~*~ (stealth).
  1948 | D:2      | 1948 ||| UPGRADING to +0 pair of boots.
  1953 | D:2      | 1953 ||| READING scroll labelled GUKKUN BOOCOL.
  1954 | D:2      | 1954 ||| READING scroll labelled CEURIVA HUEK.
  1955 | D:2      | 1955 ||| Stepping randomly (stuck).
  1956 | D:2      | 1956 ||| Stepping ~*~*~tactically~*~*~ (cloud).
  2258 | D:3      | Reached skill level 6 in Axes
  2258 | D:3      | Reached XP level 4. HP: 39/39 MP: 3/3
  2289 | D:3      | 2289 ||| INVOKING Berserk.
  2492 | D:3      | 2492 ||| Stepping ~*~*~tactically~*~*~ (stealth).
  2802 | D:3      | Found a sacrificial altar of Ru.
  2802 | D:3      | You fall into a shaft and drop 1 floor!
  2821 | D:4      | 2821 ||| UPGRADING to quicksilver dragon scales.
  2831 | D:4      | 2831 ||| DROPPING +0 scale mail.
  2832 | D:4      | 2832 ||| UPGRADING to amulet of reflection.
  2837 | D:4      | 2837 ||| READING scroll labelled WISOLE PAOXTO.
  2931 | D:3      | Found a shadowy altar of Dithmenos.
  2932 | D:3      | 2932 ||| Stepping randomly (stuck).
  3078 | D:4      | 3078 ||| Stepping ~*~*~tactically~*~*~ (hiding).
  3317 | D:4      | 3317 ||| Stepping ~*~*~tactically~*~*~ (stealth).
  3319 | D:4      | 3319 ||| Stepping ~*~*~tactically~*~*~ (stealth).
  3369 | D:4      | 3369 ||| DROPPING +1 mace of protection.
  3617 | D:4      | Noticed an ogre
  3618 | D:4      | 3618 ||| INVOKING Berserk.
  3619 | D:4      | Killed an ogre
  3620 | D:4      | Reached skill level 7 in Axes
  3620 | D:4      | Reached XP level 5. HP: 45/45 MP: 4/4
  3929 | D:4      | 3929 ||| UPGRADING to scarf of repulsion.
  3934 | D:4      | 3934 ||| DROPPING +2 hat.
  3935 | D:4      | 3935 ||| READING 2 scrolls labelled MUNIES REG PEG.
  3936 | D:4      | 3936 ||| DRINKING 2 fizzy emerald potions.
  3937 | D:4      | 3937 ||| DROPPING potion of attraction.
  3938 | D:4      | 3938 ||| DROPPING scroll of noise.
  3963 | D:5      | Entered Level 5 of the Dungeon
  3968 | D:5      | 3968 ||| INVOKING Berserk.
  3975 | D:5      | 3975 ||| STAIRDANCE
  4086 | D:5      | Reached skill level 8 in Axes
  4086 | D:5      | Reached XP level 6. HP: 52/52 MP: 5/5
  4262 | D:5      | Identified the +1 robe of Kas Bir {*Corrode rPois rN+
                  | Regen+}
  4336 | D:5      | Noticed Ijyb
  4337 | D:5      | 4337 ||| INVOKING Berserk.
  4340 | D:5      | Killed Ijyb
  4568 | D:5      | Reached skill level 9 in Axes
  4684 | D:5      | 4684 ||| SWAPPING to +0 war axe.
  4686 | D:5      | 4686 ||| INVOKING Berserk.
  4695 | D:5      | Reached skill level 3 in Armour
  4755 | D:5      | Reached XP level 7. HP: 60/60 MP: 6/6
  4755 | D:5      | 4755 ||| DROPPING +0 hand axe.
  4759 | D:5      | Found a staircase to the Ecumenical Temple.
  4803 | D:5      | Reached *** piety under Trog
  4997 | D:5      | 4997 ||| READING scroll labelled TOEJYC RAKK.
  4998 | D:5      | 4998 ||| READING scroll labelled OTULOE EWIKE.
  4999 | D:5      | 4999 ||| DRINKING 2 fuming orange potions.
  5000 | D:5      | 5000 ||| READING 5 scrolls of identify.
  5000 | D:5      | 5000 ||| IDENTIFYING ruby potion
  5001 | D:5      | 5001 ||| READING 4 scrolls of identify.
  5001 | D:5      | 5001 ||| IDENTIFYING smoky coppery potion
  5002 | D:5      | 5002 ||| READING 3 scrolls of identify.
  5002 | D:5      | 5002 ||| IDENTIFYING clear potion
  5003 | D:5      | 5003 ||| DROPPING potion of flight.
  5016 | D:6      | Noticed Eustachio
  5022 | D:6      | 5022 ||| INVOKING Berserk.
  5036 | D:6      | Killed Eustachio
  5042 | D:6      | Reached skill level 10 in Axes
  5160 | D:6      | Found Dilu's Specific Store.
  5164 | D:6      | Found Mamaoh's General Store.
  5179 | D:6      | 5179 ||| SHOPLISTING +1 plate armour of fire resistance
                  | (455 gold, have 212).
  5179 | D:6      | 5179 ||| BUYING scroll of identify (26 gold).
  5179 | D:6      | Bought a scroll of identify for 26 gold pieces
  5179 | D:6      | 5179 ||| BUYING scroll of identify (26 gold).
  5179 | D:6      | Bought a scroll of identify for 26 gold pieces
  5179 | D:6      | 5179 ||| BUYING scroll of teleportation (39 gold).
  5179 | D:6      | Bought a scroll of teleportation for 39 gold pieces
  5213 | D:6      | Found Hinlin's Antique Weapon Emporium.
  5221 | D:6      | 5221 ||| SHOPLISTING crystal war axe (212 gold, have 127).
  5236 | D:6      | Found a bloodstained altar of Trog.
  5250 | D:6      | 5250 ||| Stepping ~*~*~tactically~*~*~ (hiding).
  5389 | D:6      | 5389 ||| Stepping ~*~*~tactically~*~*~ (stealth).
  5394 | D:6      | Reached XP level 8. HP: 68/70 MP: 7/7
  5396 | D:6      | Reached skill level 6 in Fighting
  5795 | D:6      | 5795 ||| Stepping ~*~*~tactically~*~*~ (hiding).
  5797 | D:6      | 5797 ||| Stepping ~*~*~tactically~*~*~ (hiding).
  5799 | D:6      | 5799 ||| Stepping ~*~*~tactically~*~*~ (hiding).
  5878 | D:6      | 5878 ||| INVOKING Berserk.
  5902 | D:6      | 5902 ||| Stepping ~*~*~tactically~*~*~ (stealth).
  5966 | D:6      | Reached skill level 11 in Axes
  5973 | D:6      | Found an ancient bone altar of Kikubaaqudgha.
  6086 | D:6      | 6086 ||| READING scroll labelled YRETAT TEWKIMU.
  6087 | D:6      | 6087 ||| READING 4 scrolls of identify.
  6087 | D:6      | 6087 ||| IDENTIFYING viscous pink potion
  6088 | D:6      | 6088 ||| DROPPING potion of lignification.
  6102 | D:7      | Noticed Duvessa
  6103 | D:7      | Noticed Dowan
  6104 | D:7      | 6104 ||| Stepping ~*~*~tactically~*~*~ (hiding).
  6106 | D:7      | 6106 ||| Stepping ~*~*~tactically~*~*~ (hiding).
  6107 | D:7      | 6107 ||| INVOKING Berserk.
  6111 | D:7      | Killed Duvessa
  6121 | D:7      | 6121 ||| Stepping ~*~*~tactically~*~*~ (hiding).
  6126 | D:7      | Killed Dowan
  6265 | D:7      | 6265 ||| Stepping ~*~*~tactically~*~*~ (stealth).
  6386 | D:7      | 6386 ||| Stepping ~*~*~tactically~*~*~ (hiding).
  6433 | D:7      | 6433 ||| Stepping ~*~*~tactically~*~*~ (hiding).
  6440 | D:7      | Reached skill level 12 in Axes
  6600 | D:7      | 6600 ||| INVOKING Berserk.
  6822 | D:7      | 6822 ||| Stepping ~*~*~tactically~*~*~ (hiding).
  6835 | D:7      | Reached XP level 9. HP: 56/78 MP: 8/8
  6844 | D:7      | Reached skill level 3 in Dodging
  6913 | D:7      | 6913 ||| FLEEEEING.
  6914 | D:7      | 6914 ||| FLEEEEING.
  6915 | D:7      | 6915 ||| FLEEEEING.
  6916 | D:7      | 6916 ||| FLEEEEING.
  6917 | D:7      | 6917 ||| FLEEEEING.
  6918 | D:7      | 6918 ||| FLEEEEING.
  6920 | D:7      | 6920 ||| FLEEEEING.
  6921 | D:7      | 6921 ||| FLEEEEING.
  6922 | D:7      | 6922 ||| FLEEEEING.
  6923 | D:7      | 6923 ||| FLEEEEING.
  6924 | D:7      | 6924 ||| FLEEEEING.
  6925 | D:7      | 6925 ||| FLEEEEING.
  6927 | D:7      | 6927 ||| FLEEEEING.
  6928 | D:7      | 6928 ||| FLEEEEING.
  6929 | D:7      | 6929 ||| FLEEEEING.
  6930 | D:7      | 6930 ||| FLEEEEING.
  6931 | D:7      | 6931 ||| STAIRDANCE
  7012 | D:6      | 7012 ||| READING scroll labelled TUNAOTHRAOR.
  7013 | D:6      | 7013 ||| READING scroll labelled ZET KAMEFARAUM.
  7014 | D:6      | 7014 ||| READING 3 scrolls of identify.
  7014 | D:6      | 7014 ||| IDENTIFYING emerald potion
  7015 | D:6      | 7015 ||| DROPPING potion of degeneration.
  7022 | D:7      | 7022 ||| STAIRDANCE
  7103 | D:7      | 7103 ||| DROPPING +0 flail.
  7302 | D:8      | 7302 ||| Stepping ~*~*~tactically~*~*~ (stealth).
  7303 | D:8      | 7303 ||| Stepping ~*~*~tactically~*~*~ (stealth).
  7305 | D:8      | 7305 ||| Stepping ~*~*~tactically~*~*~ (hiding).
  7506 | D:8      | 7506 ||| Stepping ~*~*~tactically~*~*~ (hiding).
  7513 | D:8      | Reached skill level 13 in Axes
  7864 | D:8      | Found Bipn's Antique Weapon Emporium.
  7928 | D:8      | 7928 ||| Stepping ~*~*~tactically~*~*~ (hiding).
  7934 | D:8      | 7934 ||| Stepping ~*~*~tactically~*~*~ (stealth).
  7936 | D:8      | 7936 ||| INVOKING Berserk.
  8091 | D:8      | 8091 ||| Stepping ~*~*~tactically~*~*~ (stealth).
  8244 | D:8      | 8244 ||| DROPPING amulet of faith.
  8245 | D:8      | 8245 ||| DRINKING 2 lumpy orange potions.
  8245 | D:8      | Gained mutation: You are weak. (Str -2) [potion of
                  | mutation]
  8245 | D:8      | Gained mutation: You have a pair of large horns on your
                  | head. [potion of mutation]
  8246 | D:8      | 8246 ||| DROPPING +2 hat.
  8293 | D:9      | Reached **** piety under Trog
  8313 | D:9      | 8313 ||| Stepping ~*~*~tactically~*~*~ (hiding).
  8320 | D:9      | Found a hazy altar of Hepliaklqana.
  8342 | D:9      | 8342 ||| Stepping ~*~*~tactically~*~*~ (stealth).
  8343 | D:9      | 8343 ||| FLEEEEING.
  8344 | D:9      | 8344 ||| INVOKING Berserk.
  8348 | D:9      | Reached skill level 14 in Axes
  8383 | D:9      | 8383 ||| FLEEEEING.
  8384 | D:9      | 8384 ||| FLEEEEING.
  8385 | D:9      | 8385 ||| FLEEEEING.
  8391 | D:9      | 8391 ||| FLEEEEING.
  8392 | D:9      | 8392 ||| STAIRDANCE
  8505 | D:9      | 8505 ||| SWAPPING to +5 war axe.
  8506 | D:9      | 8506 ||| DROPPING +0 war axe of venom.
  8573 | D:9      | Found Ifishraf's Distillery.
  8581 | D:9      | 8581 ||| BUYING potion of curing (33 gold).
  8581 | D:9      | Bought a potion of curing for 33 gold pieces
  8581 | D:9      | 8581 ||| BUYING potion of curing (33 gold).
  8581 | D:9      | Bought a potion of curing for 33 gold pieces
  8581 | D:9      | 8581 ||| BUYING potion of mutation (88 gold).
  8581 | D:9      | Bought a potion of mutation for 88 gold pieces
  8581 | D:9      | 8581 ||| BUYING potion of resistance (110 gold).
  8581 | D:9      | Bought a potion of resistance for 110 gold pieces
  8627 | D:9      | Noticed a troll
  8631 | D:9      | 8631 ||| INVOKING Berserk.
  8634 | D:9      | Killed a troll
  8635 | D:9      | Reached XP level 10. HP: 88/88 MP: 9/9
  8809 | D:9      | 8809 ||| Stepping ~*~*~tactically~*~*~ (stealth).
  8811 | D:9      | 8811 ||| Stepping ~*~*~tactically~*~*~ (stealth).
  8813 | D:9      | 8813 ||| Stepping ~*~*~tactically~*~*~ (stealth).
  8815 | D:9      | 8815 ||| Stepping ~*~*~tactically~*~*~ (stealth).
  8832 | D:9      | Reached skill level 15 in Axes
  8849 | D:9      | Noticed Maurice
  8850 | D:9      | 8850 ||| Stepping ~*~*~tactically~*~*~ (hiding).
  8860 | D:9      | Killed Maurice
  8861 | D:9      | Reached skill level 9 in Fighting
  9146 | D:9      | Found a faded altar of an unknown god.
  9146 | D:9      | Found a glowing golden altar of the Shining One.
  9155 | D:9      | Found a stormy altar of Qazlal.
  9157 | D:9      | Found a burning altar of Makhleb.
  9159 | D:9      | Found an iron altar of Okawaru.
  9541 | D:9      | Reached skill level 6 in Armour
  9756 | D:9      | 9756 ||| DROPPING +0 plate armour.
  9757 | D:9      | 9757 ||| UPGRADING to +0 crystal plate armour.
  9767 | D:9      | 9767 ||| DROPPING quicksilver dragon scales.
  9815 | D:8      | 9815 ||| SHOPLISTING brightly glowing flail (204 gold, have
                  | 97).
  9815 | D:8      | 9815 ||| SHOPLISTING glowing flail (156 gold, have 97).
  9815 | D:8      | 9815 ||| SHOPLISTING runed broad axe (168 gold, have 97).
  9815 | D:8      | 9815 ||| READING 5 scrolls of teleportation.
  9880 | D:10     | Entered Level 10 of the Dungeon
  9884 | D:10     | 9884 ||| INVOKING Berserk.
 10071 | D:10     | Found a hide-covered altar of Uskayaw.
 10162 | D:10     | Found a runed translucent door.
 10162 | D:10     | Noticed qw's ghost (novice GrBe)
 10174 | D:10     | Found a white marble altar of Elyvilon.
 10215 | D:10     | 10215 ||| INVOKING Berserk.
 10384 | D:10     | Found an opulent altar of Gozag.
 10822 | D:10     | 10822 ||| Stepping ~*~*~tactically~*~*~ (stealth).
 10823 | D:10     | Noticed a centaur warrior
 10825 | D:10     | Noticed a centaur warrior
 10830 | D:10     | Killed a centaur warrior
 10831 | D:10     | Reached skill level 9 in Armour
 10835 | D:10     | Killed a centaur warrior
 10934 | D:10     | 10934 ||| Stepping ~*~*~tactically~*~*~ (stealth).
 10941 | D:10     | Reached XP level 11. HP: 97/97 MP: 10/10
 11137 | D:10     | Noticed a death knight
 11140 | D:10     | 11140 ||| INVOKING Berserk.
 11148 | D:10     | Killed a death knight
 11149 | D:10     | Reached skill level 16 in Axes
 11281 | D:10     | Identified the +6 trident of Tenacity {freeze, Dex+8}
 11284 | D:10     | 11284 ||| SWAPPING to +2 broad axe of flaming.
 11285 | D:10     | 11285 ||| DROPPING +5 war axe.
 11286 | D:10     | 11286 ||| DROPPING +3 flail.
 11343 | D:10     | 11343 ||| INVOKING Brothers in Arms.
 11344 | D:10     | 11344 ||| INVOKING Brothers in Arms.
 11345 | D:10     | 11345 ||| INVOKING Brothers in Arms.
 11346 | D:10     | 11346 ||| INVOKING Brothers in Arms.
 11347 | D:10     | 11347 ||| INVOKING Brothers in Arms.
 11348 | D:10     | 11348 ||| INVOKING Brothers in Arms.
 11595 | D:10     | 11595 ||| INVOKING Brothers in Arms.
 11596 | D:10     | 11596 ||| INVOKING Brothers in Arms.
 11597 | D:10     | 11597 ||| FLEEEEING.
 11598 | D:10     | 11598 ||| FLEEEEING.
 11599 | D:10     | 11599 ||| FLEEEEING.
 11600 | D:10     | 11600 ||| FLEEEEING.
 11601 | D:10     | 11601 ||| FLEEEEING.
 11602 | D:10     | 11602 ||| FLEEEEING.
 11603 | D:10     | 11603 ||| FLEEEEING.
 11604 | D:10     | 11604 ||| FLEEEEING.
 11605 | D:10     | 11605 ||| FLEEEEING.
 11606 | D:10     | 11606 ||| FLEEEEING.
 11607 | D:10     | 11607 ||| FLEEEEING.
 11608 | D:10     | 11608 ||| FLEEEEING.
 11609 | D:10     | 11609 ||| FLEEEEING.
 11610 | D:10     | 11610 ||| FLEEEEING.
 11611 | D:10     | 11611 ||| STAIRDANCE
 11710 | D:9      | 11710 ||| UPGRADING to +0 buckler.
 11769 | D:10     | 11769 ||| READING 4 scrolls of teleportation.
 11811 | D:11     | Noticed a six-headed hydra
 11814 | D:11     | 11814 ||| INVOKING Berserk.
 11814 | D:11     | Noticed a seven-headed hydra
 11818 | D:11     | Reached skill level 1 in Shields
 11818 | D:11     | Killed a two-headed hydra
 11819 | D:11     | Reached skill level 3 in Shields
 11830 | D:11     | Killed a four-headed hydra
 11847 | D:11     | 11847 ||| Stepping ~*~*~tactically~*~*~ (stealth).
 11848 | D:11     | 11848 ||| Stepping ~*~*~tactically~*~*~ (stealth).
 11849 | D:11     | 11849 ||| Stepping ~*~*~tactically~*~*~ (stealth).
 11851 | D:11     | 11851 ||| Stepping ~*~*~tactically~*~*~ (stealth).
 11852 | D:11     | 11852 ||| Stepping ~*~*~tactically~*~*~ (stealth).
 11860 | D:11     | 11860 ||| FLEEEEING.
 11861 | D:11     | 11861 ||| FLEEEEING.
 11862 | D:11     | 11862 ||| FLEEEEING.
 11864 | D:11     | 11864 ||| STAIRDANCE
 12047 | D:11     | Reached skill level 6 in Shields
 12061 | D:11     | 12061 ||| Stepping ~*~*~tactically~*~*~ (stealth).
 12068 | D:11     | 12068 ||| Stepping ~*~*~tactically~*~*~ (stealth).
 12181 | D:11     | 12181 ||| Stepping ~*~*~tactically~*~*~ (stealth).
 12192 | D:11     | Reached ***** piety under Trog
 12296 | D:11     | Reached skill level 17 in Axes
 12405 | D:11     | Noticed a two-headed ogre
 12410 | D:11     | 12410 ||| INVOKING Berserk.
 12412 | D:11     | Killed a two-headed ogre
 12419 | D:11     | 12419 ||| FLEEEEING.
 12420 | D:11     | 12420 ||| FLEEEEING.
 12421 | D:11     | 12421 ||| FLEEEEING.
 12422 | D:11     | 12422 ||| FLEEEEING.
 12596 | D:11     | 12596 ||| INVOKING Berserk.
 12654 | D:11     | 12654 ||| FLEEEEING.
 12655 | D:11     | 12655 ||| FLEEEEING.
 12681 | D:11     | 12681 ||| FLEEEEING.
 12682 | D:11     | 12682 ||| FLEEEEING.
 12683 | D:11     | 12683 ||| FLEEEEING.
 12749 | D:11     | 12749 ||| Stepping ~*~*~tactically~*~*~ (stealth).
 12757 | D:11     | 12757 ||| Stepping ~*~*~tactically~*~*~ (stealth).
 12779 | D:11     | Found a staircase to the Orcish Mines.
 12783 | D:11     | 12783 ||| Stepping ~*~*~tactically~*~*~ (stealth).
 12792 | D:11     | 12792 ||| INVOKING Berserk.
 12985 | D:11     | 12985 ||| INVOKING Berserk.
 13226 | D:11     | Found a staircase to the Lair.
 13236 | D:11     | 13236 ||| INVOKING Berserk.
 13239 | D:11     | Reached XP level 12. HP: 106/106 MP: 11/11
 13379 | D:11     | Identified the +9 dire flail "Bylot" {vorpal, *Slow rElec
                  | rF+}
 13452 | D:11     | 13452 ||| UPGRADING to +0 pair of gloves.
 13457 | D:11     | 13457 ||| PLANNING LAIR
 13457 | D:11     | 13457 ||| READING scroll labelled UKHELE ICOD.
 13483 | Lair:1   | Entered Level 1 of the Lair of Beasts
 13483 | Lair:1   | Noticed a five-headed hydra
 13486 | Lair:1   | 13486 ||| INVOKING Berserk.
 13497 | Lair:1   | Killed a two-headed hydra
 13555 | Lair:1   | Noticed Sonja
 13560 | Lair:1   | Reached skill level 12 in Armour
 13581 | Lair:1   | 13581 ||| INVOKING Berserk.
 13582 | Lair:1   | Killed Sonja
 13587 | Lair:1   | HP: 24/106 [poisoned by Sonja]
 13914 | Lair:1   | 13914 ||| INVOKING Berserk.
 13942 | Lair:1   | Reached skill level 18 in Axes
 14270 | Lair:1   | 14270 ||| Stepping ~*~*~tactically~*~*~ (stealth).
 14382 | Lair:1   | 14382 ||| INVOKING Berserk.
 14753 | Lair:1   | 14753 ||| UPGRADING to ring of willpower.
 14754 | Lair:1   | 14754 ||| UPGRADING to ring of willpower.
 14756 | Lair:1   | 14756 ||| READING scroll labelled TIELIS ZETZUID.
 14958 | Lair:2   | 14958 ||| INVOKING Berserk.
 15262 | Lair:2   | 15262 ||| INVOKING Berserk.
 15520 | Lair:2   | 15520 ||| INVOKING Berserk.
 15541 | Lair:2   | 15541 ||| STAIRDANCE
 15735 | Lair:2   | Found a staircase to the Shoals.
 15908 | Lair:3   | 15908 ||| INVOKING Berserk.
 15915 | Lair:3   | 15915 ||| STAIRDANCE
 16026 | Lair:3   | 16026 ||| Stepping ~*~*~tactically~*~*~ (stealth).
 16294 | Lair:3   | 16294 ||| Stepping ~*~*~tactically~*~*~ (stealth).
 16344 | Lair:3   | You fall into a shaft and drop 2 floors!
 16344 | Lair:5   | Entered Level 5 of the Lair of Beasts
 16379 | Lair:5   | Reached skill level 12 in Fighting
 16417 | Lair:5   | 16417 ||| Stepping ~*~*~tactically~*~*~ (stealth).
 16418 | Lair:5   | 16418 ||| Stepping ~*~*~tactically~*~*~ (stealth).
 16419 | Lair:5   | 16419 ||| Stepping ~*~*~tactically~*~*~ (stealth).
 16424 | Lair:5   | 16424 ||| Stepping ~*~*~tactically~*~*~ (stealth).
 16429 | Lair:5   | Reached skill level 3 in Throwing
 16473 | Lair:5   | 16473 ||| INVOKING Berserk.
 16586 | Lair:5   | 16586 ||| UPGRADING to ring of protection from fire.
 16589 | Lair:5   | Found the +5 scythe "Finisher" {speed, eviscerate}
 16593 | Lair:5   | Noticed a death yak
 16594 | Lair:5   | 16594 ||| INVOKING Brothers in Arms.
 16594 | Lair:5   | Noticed a death yak
 16596 | Lair:5   | Noticed a death yak
 16597 | Lair:5   | Noticed a death yak
 16598 | Lair:5   | 16598 ||| INVOKING Berserk.
 16598 | Lair:5   | Noticed a death yak
 16600 | Lair:5   | Killed a death yak
 16601 | Lair:5   | Reached XP level 13. HP: 118/118 MP: 12/12
 16734 | Lair:4   | 16734 ||| INVOKING Berserk.
 16761 | Lair:4   | 16761 ||| INVOKING Brothers in Arms.
 16911 | Lair:4   | 16911 ||| INVOKING Berserk.
 17193 | Lair:4   | 17193 ||| Stepping ~*~*~tactically~*~*~ (stealth).
 17203 | Lair:4   | 17203 ||| Stepping ~*~*~tactically~*~*~ (stealth).
 17224 | Lair:4   | 17224 ||| Stepping ~*~*~tactically~*~*~ (stealth).
 17271 | Lair:4   | Reached skill level 15 in Armour
 17394 | Lair:4   | 17394 ||| DROPPING ring of flight.
 17411 | Lair:3   | 17411 ||| Stepping ~*~*~tactically~*~*~ (stealth).
 17412 | Lair:3   | 17412 ||| Stepping ~*~*~tactically~*~*~ (stealth).
 17584 | Lair:3   | Found a staircase to the Snake Pit.
 17716 | Lair:3   | 17716 ||| Stepping ~*~*~tactically~*~*~ (stealth).
 17717 | Lair:3   | 17717 ||| Stepping ~*~*~tactically~*~*~ (stealth).
 17723 | Lair:3   | 17723 ||| INVOKING Berserk.
 17962 | Lair:4   | 17962 ||| READING scroll of brand weapon.
 17962 | Lair:4   | 17962 ||| BRANDING +3 broad axe of flaming.
 18013 | Lair:4   | 18013 ||| INVOKING Berserk.
 18071 | Lair:4   | 18071 ||| Stepping ~*~*~tactically~*~*~ (stealth).
 18076 | Lair:4   | 18076 ||| Stepping ~*~*~tactically~*~*~ (stealth).
 18377 | Lair:4   | 18377 ||| Stepping ~*~*~tactically~*~*~ (stealth).
 18381 | Lair:4   | 18381 ||| Stepping ~*~*~tactically~*~*~ (stealth).
 18795 | Lair:4   | 18795 ||| READING scroll labelled GOOSIUQ CIRO.
 18795 | Lair:4   | Identified a scroll of acquirement
 18795 | Lair:4   | 18795 ||| ACQUIRING +8 tower shield of Whack-A-Mole {Int+4}
 18795 | Lair:4   | Acquired the +8 tower shield of Whack-A-Mole {Int+4}
 18797 | Lair:4   | 18797 ||| UPGRADING to +8 tower shield of Whack-A-Mole
                  | {Int+4}.
 18807 | Lair:4   | 18807 ||| DROPPING +0 buckler.
 18816 | Lair:5   | 18816 ||| INVOKING Berserk.
 18820 | Lair:5   | Reached skill level 9 in Shields
 18916 | Lair:5   | 18916 ||| INVOKING Berserk.
 19085 | Lair:5   | 19085 ||| INVOKING Berserk.
 19244 | Lair:5   | 19244 ||| INVOKING Berserk.
 19414 | Lair:5   | 19414 ||| FLEEEEING.
 19415 | Lair:5   | 19415 ||| FLEEEEING.
 19416 | Lair:5   | 19416 ||| FLEEEEING.
 19417 | Lair:5   | 19417 ||| FLEEEEING.
 19418 | Lair:5   | 19418 ||| FLEEEEING.
 19423 | Lair:5   | 19423 ||| INVOKING Berserk.
 19434 | Lair:5   | 19434 ||| INVOKING Brothers in Arms.
 19446 | Lair:5   | 19446 ||| INVOKING Brothers in Arms.
 19541 | Lair:5   | 19541 ||| Stepping ~*~*~tactically~*~*~ (stealth).
 19542 | Lair:5   | 19542 ||| Stepping ~*~*~tactically~*~*~ (stealth).
 19555 | Lair:5   | 19555 ||| Stepping ~*~*~tactically~*~*~ (stealth).
 19560 | Lair:5   | 19560 ||| Stepping ~*~*~tactically~*~*~ (stealth).
 19567 | Lair:5   | 19567 ||| Stepping ~*~*~tactically~*~*~ (stealth).
 19569 | Lair:5   | 19569 ||| Stepping ~*~*~tactically~*~*~ (stealth).
 19605 | Lair:5   | 19605 ||| INVOKING Berserk.
 19624 | Lair:5   | 19624 ||| Stepping ~*~*~tactically~*~*~ (cloud).
 19628 | Lair:5   | 19628 ||| Stepping ~*~*~tactically~*~*~ (cloud).
 19629 | Lair:5   | 19629 ||| Stepping ~*~*~tactically~*~*~ (cloud).
 19630 | Lair:5   | 19630 ||| Stepping ~*~*~tactically~*~*~ (cloud).
 19631 | Lair:5   | 19631 ||| Stepping ~*~*~tactically~*~*~ (cloud).
 19632 | Lair:5   | 19632 ||| Stepping ~*~*~tactically~*~*~ (cloud).
 19633 | Lair:5   | 19633 ||| Stepping ~*~*~tactically~*~*~ (cloud).
 19638 | Lair:5   | 19638 ||| Stepping ~*~*~tactically~*~*~ (cloud).
 19642 | Lair:5   | 19642 ||| DRINKING 3 potions of cancellation.
 19645 | Lair:5   | HP: 24/122 [deep troll shaman (11)]
 19646 | Lair:5   | 19646 ||| READING 4 scrolls of teleportation.
 19647 | Lair:5   | 19647 ||| DRINKING 5 potions of heal wounds.
 19648 | Lair:5   | 19648 ||| INVOKING Berserk.
 19651 | Lair:5   | Reached XP level 14. HP: 68/129 MP: 13/13
 19655 | Lair:5   | Reached skill level 12 in Shields
 19663 | Lair:5   | 19663 ||| Stepping ~*~*~tactically~*~*~ (cloud).
 20082 | Lair:5   | 20082 ||| INVOKING Berserk.
 20481 | Lair:5   | Found a viscous altar of Jiyva.
 20483 | Lair:5   | Found a staircase to the Slime Pits.
 20488 | Lair:5   | 20488 ||| INVOKING Berserk.
 20709 | Lair:5   | 20709 ||| PLANNING D
 20811 | D:12     | 20811 ||| INVOKING Brothers in Arms.
 20812 | D:12     | 20812 ||| Stepping ~*~*~tactically~*~*~ (stealth).
 20813 | D:12     | 20813 ||| Stepping ~*~*~tactically~*~*~ (stealth).
 20814 | D:12     | 20814 ||| INVOKING Brothers in Arms.
 20815 | D:12     | 20815 ||| INVOKING Brothers in Arms.
 20816 | D:12     | 20816 ||| INVOKING Brothers in Arms.
 20817 | D:12     | 20817 ||| SWAPPING to +0 hand axe of flaming.
 20818 | D:12     | 20818 ||| INVOKING Berserk.
 20822 | D:12     | 20822 ||| SWAPPING to +3 broad axe of protection.
 21019 | D:12     | Found a sacrificial altar of Ru.
 21050 | D:12     | 21050 ||| Stepping ~*~*~tactically~*~*~ (stealth).
 21055 | D:12     | 21055 ||| Stepping ~*~*~tactically~*~*~ (stealth).
 21088 | D:12     | 21088 ||| Stepping ~*~*~tactically~*~*~ (stealth).
 21089 | D:12     | 21089 ||| Stepping ~*~*~tactically~*~*~ (stealth).
 21250 | D:12     | Noticed Frances
 21251 | D:12     | 21251 ||| Stepping ~*~*~tactically~*~*~ (hiding).
 21254 | D:12     | 21254 ||| INVOKING Berserk.
 21260 | D:12     | Killed Frances
 21469 | D:12     | 21469 ||| Stepping ~*~*~tactically~*~*~ (stealth).
 21470 | D:12     | 21470 ||| Stepping ~*~*~tactically~*~*~ (stealth).
 21471 | D:12     | 21471 ||| Stepping ~*~*~tactically~*~*~ (stealth).
 21728 | D:13     | 21728 ||| Stepping ~*~*~tactically~*~*~ (hiding).
 21729 | D:13     | 21729 ||| Stepping ~*~*~tactically~*~*~ (hiding).
 21730 | D:13     | 21730 ||| Stepping ~*~*~tactically~*~*~ (hiding).
 21734 | D:13     | 21734 ||| Stepping ~*~*~tactically~*~*~ (hiding).
 21747 | D:13     | 21747 ||| Stepping ~*~*~tactically~*~*~ (hiding).
 21753 | D:13     | 21753 ||| FLEEEEING.
 21754 | D:13     | 21754 ||| FLEEEEING.
 21759 | D:13     | 21759 ||| FLEEEEING.
 21760 | D:13     | 21760 ||| FLEEEEING.
 21761 | D:13     | 21761 ||| FLEEEEING.
 21762 | D:13     | 21762 ||| FLEEEEING.
 21763 | D:13     | 21763 ||| FLEEEEING.
 21764 | D:13     | 21764 ||| FLEEEEING.
 21765 | D:13     | 21765 ||| STAIRDANCE
 21879 | D:13     | 21879 ||| Stepping ~*~*~tactically~*~*~ (stealth).
 21882 | D:13     | 21882 ||| INVOKING Berserk.
 21960 | D:13     | Noticed Nessos
 21963 | D:13     | 21963 ||| INVOKING Berserk.
 21971 | D:13     | Killed Nessos
 22094 | D:13     | 22094 ||| FLEEEEING.
 22098 | D:13     | 22098 ||| FLEEEEING.
 22102 | D:13     | 22102 ||| FLEEEEING.
 22174 | D:13     | 22174 ||| Stepping randomly (disturbance).
 22206 | D:13     | Found Olafrom's Antique Armour Shop.
 22236 | D:13     | Found Puaji's Antique Weapon Emporium.
 22261 | D:13     | Noticed Lodul
 22262 | D:13     | 22262 ||| Stepping ~*~*~tactically~*~*~ (hiding).
 22267 | D:13     | 22267 ||| INVOKING Berserk.
 22273 | D:13     | Killed Lodul
 22699 | D:13     | 22699 ||| INVOKING Berserk.
 22973 | D:13     | 22973 ||| READING scroll labelled HALYQO VUNAENG.
 23176 | D:13     | 23176 ||| READING scroll labelled KOIDADEAR.
 23196 | D:14     | 23196 ||| INVOKING Berserk.
 23202 | D:14     | Reached skill level 15 in Shields
 23399 | D:14     | 23399 ||| INVOKING Berserk.
 23421 | D:14     | HP: 31/129 [skeletal warrior/+0 halberd (3)]
 23422 | D:14     | 23422 ||| READING 4 scrolls of teleportation.
 23423 | D:14     | 23423 ||| DRINKING 4 potions of heal wounds.
 23444 | D:14     | HP: 32/129 [something (4)]
 23866 | D:14     | 23866 ||| Stepping ~*~*~tactically~*~*~ (water).
 23976 | D:14     | 23976 ||| INVOKING Brothers in Arms.
 23978 | D:14     | 23978 ||| SWAPPING to +0 hand axe of flaming.
 23979 | D:14     | 23979 ||| INVOKING Berserk.
 24003 | D:14     | 24003 ||| SWAPPING to +3 broad axe of protection.
 24116 | D:14     | 24116 ||| Stepping ~*~*~tactically~*~*~ (stealth).
 24118 | D:14     | 24118 ||| INVOKING Berserk.
 24187 | D:14     | 24187 ||| DROPPING +0 hand axe of flaming.
 24202 | D:14     | Reached XP level 15. HP: 135/135 MP: 14/14
 24203 | D:14     | 24203 ||| Stepping ~*~*~tactically~*~*~ (hiding).
 24218 | D:14     | 24218 ||| Stepping ~*~*~tactically~*~*~ (hiding).
 24221 | D:14     | 24221 ||| Stepping ~*~*~tactically~*~*~ (hiding).
 24223 | D:14     | 24223 ||| Stepping ~*~*~tactically~*~*~ (hiding).
 24468 | D:14     | 24468 ||| Stepping ~*~*~tactically~*~*~ (hiding).
 24469 | D:14     | 24469 ||| Stepping ~*~*~tactically~*~*~ (hiding).
 24470 | D:14     | 24470 ||| Stepping ~*~*~tactically~*~*~ (hiding).
 24478 | D:14     | Reached skill level 6 in Throwing
 24556 | D:14     | 24556 ||| Stepping ~*~*~tactically~*~*~ (hiding).
 24561 | D:14     | 24561 ||| INVOKING Berserk.
 24702 | D:14     | Noticed a fire giant
 24704 | D:14     | 24704 ||| INVOKING Berserk.
 24707 | D:14     | Killed a fire giant
 24707 | D:14     | Received a gift from Trog
 24800 | D:14     | Identified the +6 scimitar of the Flying Owl {protect,
                  | +Blink Int+3 Stlth+}
 24894 | D:14     | 24894 ||| Stepping ~*~*~tactically~*~*~ (stealth).
 24895 | D:14     | 24895 ||| Stepping ~*~*~tactically~*~*~ (stealth).
 24901 | D:14     | 24901 ||| INVOKING Trog's Hand.
 24903 | D:14     | 24903 ||| INVOKING Berserk.
 25012 | D:14     | Identified the +1 ring mail of Life {Rampage rC- Regen+
                  | Dex-4}
 25018 | D:14     | Found a gate to the Vaults.
 25179 | D:14     | 25179 ||| READING 12 scrolls of identify.
 25179 | D:14     | 25179 ||| IDENTIFYING smoky blue potion
 25180 | D:14     | 25180 ||| DROPPING potion of magic.
 25185 | D:15     | Entered Level 15 of the Dungeon
 25186 | D:15     | 25186 ||| INVOKING Trog's Hand.
 25264 | D:15     | 25264 ||| Stepping ~*~*~tactically~*~*~ (stealth).
 25265 | D:15     | 25265 ||| Stepping ~*~*~tactically~*~*~ (stealth).
 25266 | D:15     | 25266 ||| Stepping ~*~*~tactically~*~*~ (stealth).
 25401 | D:15     | 25401 ||| Stepping ~*~*~tactically~*~*~ (hiding).
 25414 | D:15     | 25414 ||| INVOKING Berserk.
 25547 | D:15     | 25547 ||| Stepping ~*~*~tactically~*~*~ (hiding).
 25550 | D:15     | 25550 ||| Stepping ~*~*~tactically~*~*~ (hiding).
 25573 | D:15     | 25573 ||| FLEEEEING.
 25576 | D:15     | 25576 ||| Stepping ~*~*~tactically~*~*~ (hiding).
 25579 | D:15     | 25579 ||| FLEEEEING.
 25580 | D:15     | 25580 ||| FLEEEEING.
 25581 | D:15     | 25581 ||| FLEEEEING.
 25585 | D:15     | 25585 ||| FLEEEEING.
 25586 | D:15     | 25586 ||| FLEEEEING.
 25587 | D:15     | 25587 ||| FLEEEEING.
 25589 | D:15     | 25589 ||| Stepping ~*~*~tactically~*~*~ (hiding).
 25594 | D:15     | 25594 ||| INVOKING Trog's Hand.
 25599 | D:15     | 25599 ||| INVOKING Berserk.
 25614 | D:15     | HP: 39/204 [something (17)]
 25616 | D:15     | HP: 16/204 [something (11)]
 25616 | D:15     | HP: 4/204 [ten-headed hydra (12)]
 25617 | D:15     | Killed by mirror damage

Levels and vault maps discovered:
D:1:      psy_arrival_conway, layout_basic, hellmonk_ecumenical_altar_blasted
D:2:      layout_loops_ring, nicolae_shop_vocational
D:3:      layout_basic, mainiacjoe_overflow_big_doors
D:4:      layout_loops_corners
D:5:      layout_loops_ring, temple_green, uniq_ijyb
D:6:      layout_rooms, kiku_gazebo_garden_becter, overflow_temple_1_default,
          serial_shops, shop, nicolae_specific_store, roderic_lattice_a,
          uniq_eustachio
D:7:      layout_rooms, uniq_duvessa
D:8:      layout_loops_cross, serial_shops, nicolae_take_the_stairs,
          serial_bayou_crossing
D:9:      layout_basic, overflow_temple_1_default,
          chequers_temple_overflow_minitemple, serial_shops, shop, uniq_maurice
D:10:     lemuel_ice_statue, layout_basic, nicolae_overflow_crystal_walls,
          grunt_gozag_breadcrumbs, mainiacjoe_overflow_24_doors,
          gammafunk_ghost_grave, st_stairs_14, minmay_diamond_spiral
D:11:     layout_roguey, david_lair_shrubbed, zombieorc2_lemuel
D:12:     layout_cross, nicolae_ru_sacrificial_ziggurat, uniq_frances
D:13:     layout_long_grid, serial_shops, nicolae_stop_n_shop_2, shop,
          uniq_lodul, uniq_nessos
D:14:     minmay_shrinking_squares, layout_cave_pools,
          grunt_vaults_entry_fortified, serial_ice, serial_ice_j, serial_ice_h,
          serial_ice_d, serial_ice_n
D:15:     hangedman_depths_entry_civil_slaughter, layout_irregular_city,
          minmay_stone_trees_small
Lair:1:   layout_misc_corridors, uniq_sonja
Lair:2:   layout_hall_layers, elwin_shoals_entry_rooms
Lair:3:   layout_concentric_octagons, minmay_snake_entry_spellcaster,
          chequers_serial_rivers_micro_e, chequers_serial_rivers_small_b
Lair:4:   layout_regular_city
Lair:5:   grunt_lair_end_beastmaster, layout_regular_city,
          minmay_slime_entry_oklob_enclosed, st_stairs_3, serial_bayou_pond_a,
          lemuel_fruit_tree

Skill      XL: |  1  2  3  4  5  6  7  8  9 10 11 12 13 14 15 |
---------------+----------------------------------------------+-----
Axes           | 4 5 6 7 8 9 10 12 14 15 17 18 | 18.0
Fighting       | 4 5 7 8 9 10 12 13 | 13.4
Armour         | 3 4 5 10 11 13 15 16 | 16.0
Throwing       | 2 3 5 7 |  7.0
Dodging        | 3 4 |  4.1
Shields        | 6 7 11 16 17 | 17.8

Action                   |  1- 3 |  4- 6 |  7- 9 | 10-12 | 13-15 || total
-------------------------+-------+-------+-------+-------+-------++-------
Melee: Hand axe          |   124 |   110 |       |       |     8 ||   242
       Headbutt          |    19 |    19 |    35 |    84 |   180 ||   337
       War axe           |       |    16 |   199 |   107 |       ||   322
       Punch             |       |       |       |     2 |       ||     2
       Broad axe         |       |       |       |   262 |   673 ||   935
Throw: Boomerang         |       |    13 |    43 |   119 |    28 ||   203
       Javelin           |       |       |       |     7 |    46 ||    53
Invok: Berserk           |       |     5 |     7 |    19 |    28 ||    59
       Brothers in Arms  |       |       |       |     2 |     5 ||     7
       Trog's Hand       |       |       |       |       |     3 ||     3
  Use: Scroll            |     4 |     2 |    10 |     4 |     7 ||    27
       Potion            |       |     1 |     2 |       |     3 ||     6
 Stab: Petrified         |       |       |       |       |     5 ||     5
       Paralysed         |       |       |       |       |     1 ||     1
Armor: Animal skin       |    18 |       |       |       |       ||    18
       Scale mail        |    16 |     8 |       |       |       ||    24
       Quicksilver drago |       |    40 |    46 |    13 |       ||    99
       Crystal plate arm |       |       |       |   146 |   248 ||   394
Dodge: Dodged            |    76 |    52 |    88 |    50 |    56 ||   322
       Repelled          |       |       |     1 |       |     1 ||     2
Block: Other             |       |    18 |    41 |    12 |       ||    71
       Reflection        |       |       |     7 |    11 |    46 ||    64
       Buckler           |       |       |       |   103 |    44 ||   147
       Tower shield      |       |       |       |       |   691 ||   691

Table legend:
 A = Non-vault XP
 B = Vault XP
 C = Vault XP percentage of total XP
 D = Non-vault monster count
 E = Vault monster count
 F = Vault count percentage of total count
                 A         B        C        D         E       F
            +---------+---------+-------+---------+---------+-------
      Total |   92527 |   38176 |  29.2 |     434 |     117 |  21.2
            +---------+---------+-------+---------+---------+-------
        D:1 |      55 |       0 |   0.0 |      35 |       0 |   0.0
        D:2 |      35 |       0 |   0.0 |      14 |       0 |   0.0
        D:3 |      74 |       0 |   0.0 |      16 |       0 |   0.0
        D:4 |     165 |       0 |   0.0 |      16 |       0 |   0.0
        D:5 |     594 |      35 |   5.6 |      20 |       1 |   4.8
        D:6 |     792 |     208 |  20.8 |      12 |       1 |   7.7
        D:7 |     987 |     221 |  18.3 |      19 |       2 |   9.5
        D:8 |     877 |       0 |   0.0 |      14 |       0 |   0.0
        D:9 |    3256 |     317 |   8.9 |      28 |       1 |   3.4
       D:10 |    2564 |    3057 |  54.4 |      17 |       5 |  22.7
       D:11 |    7766 |     990 |  11.3 |      23 |      37 |  61.7
       D:12 |    4734 |    1516 |  24.3 |      17 |       1 |   5.6
       D:13 |    8735 |    2548 |  22.6 |      26 |      10 |  27.8
       D:14 |   15865 |   14414 |  47.6 |      31 |      31 |  50.0
       D:15 |    9495 |    3673 |  27.9 |      22 |       5 |  18.5
     Lair:1 |    6464 |     778 |  10.7 |      28 |       1 |   3.4
     Lair:2 |    3198 |     458 |  12.5 |      14 |       1 |   6.7
     Lair:3 |    2508 |     463 |  15.6 |      13 |       1 |   7.1
     Lair:4 |   11461 |       0 |   0.0 |      36 |       0 |   0.0
     Lair:5 |   12902 |    9498 |  42.4 |      33 |      20 |  37.7
            +---------+---------+-------+---------+---------+-------
